 Dungeon Crawl Stone Soup version 0.17-a0-119-g2b06fc5 (webtiles) character file.

81 xeno23 the Chiller (level 4, 0/42 HPs)
             Began as a High Elf Ice Elementalist on Mar 20, 2015.
             Succumbed to an adder's poison
             ... on level 3 of the Dungeon.
             The game lasted 00:11:43 (2685 turns).

xeno23 the Chiller (High Elf Ice Elementalist)      Turns: 2685, Time: 00:11:43

Health: 0/42       AC: 10    Str: 12    XL:     4   Next: 20%
Magic:  12/12      EV:  3    Int: 19    God:
Gold:   48         SH:  7    Dex: 16    Spells: 2 memorised, 6 levels left

rFire  . . .     SeeInvis .     r - +0 dagger (venom)
rCold  + . .     Clarity  .     l - +2 chain mail {rC+}
rNeg   . . .     SustAb   .     o - +0 shield
rPois  .         Gourm    .     (no helmet)
rElec  .         Spirit   .     (no cloak)
rCorr  .         Warding  .     (no gloves)
rMut   .         Stasis   .     (no boots)
MR     .....                    (no amulet)
Stlth  ..........               (no ring)
                                (no ring)

@: berserking (expiring), lethally poisoned (0 -> -1), very quick, not resistant
to hostile enchantments, extremely unstealthy
A: no striking features
a: no special abilities


You were on level 3 of the Dungeon.
You were hungry.

You visited 1 branch of the dungeon, and saw 3 of its levels.

You collected 48 gold pieces.

Inventory:

Hand weapons
 i - a +0 short sword
 r - a +0 dagger of venom (weapon)
Missiles
 e - 41 stones (quivered)
Armour
 a - a +0 robe
 l - a +2 chain mail of cold resistance (worn)
 o - a +0 shield (worn)
Jewellery
 w - an uncursed amulet of regeneration {unknown}
Magical devices
 s - a wand of digging (6)
Scrolls
 d - 4 scrolls of identify {unknown}
 g - a scroll of fear {unknown}
 j - a scroll of remove curse {unknown}
 k - a scroll of teleportation {unknown}
 p - 2 scrolls of noise {unknown}
 x - a scroll of enchant weapon {unknown}
Potions
 f - a potion of brilliance {unknown}
 h - a potion of restore abilities {unknown}
 m - a potion of cure mutation {unknown}
 n - a potion of might {unknown}
 q - a potion of mutation {unknown}
 t - a potion of haste {unknown}
 v - a potion of berserk rage
Books
 b - a book of Frost

   Spells                             Type                      Level
   a - Freeze                         Ice                          1
   b - Throw Frost                    Conjuration/Ice              2
   c - Ozocubu's Armour               Charms/Ice                   3
   d - Throw Icicle                   Conjuration/Ice              4
   e - Summon Ice Beast               Ice/Summoning                4
   f - Condensation Shield            Ice                          4
Comestibles
 c - 4 bread rations
 u - 3 chunks of flesh


   Skills:
 * Level 1.1 Fighting
 * Level 1.0 Armour
 + Level 2.5 Dodging
 + Level 2.6 Stealth
 * Level 3.2 Spellcasting
 * Level 1.5 Conjurations
 * Level 3.5 Ice Magic


You had 6 spell levels left.
You knew the following spells:

 Your Spells              Type           Power        Failure   Level  Hunger
a - Freeze                Ice            ###.         100%        1    None
q - Throw Frost           Conj/Ice       ##....       100%        2    ##.....


Dungeon Overview and Level Annotations

Branches:
Dungeon (3/15)

Altars:

Annotations:
D:3 xeno23's ghost, average HEIE


Message History

You kill the orc!
The orc barely misses you.
You hit the orc.
The orc is poisoned.
The orc is moderately wounded.
Your chain mail prevents you from hitting the orc.
The orc is moderately wounded.
You feel sick. The orc hits you with a hand axe.
* * * LOW HITPOINT WARNING * * *
You barely miss the orc.
The orc is moderately wounded.
You block the orc's attack.
You puncture the orc!!
You kill the orc!
You are too berserk!
You are too berserk!
Xeno23's ghost wails.
Xeno23's ghost points at you and mumbles some strange words.
You block the puff of frost.
You feel a strong urge to attack something.
You die...

#..#o# #.# #..#.#
##?## #..#.## ##(..##
#
#.....######.....##.#
#..........W).......#
####..######.....###
#............##
##.#####....##
#.####....@## ###
#...........#
###.########
######.....##
#..#........
##....#####.#.########
##.#.......#.#
#...........#
#############


You could see xeno23's ghost.

Vanquished Creatures
  2 adders
  A worm (D:2)
  2 oozes (D:1)
  2 orcs (D:3)
  A giant cockroach (D:2)
  11 hobgoblins
  3 jackals (D:3)
  5 kobolds
  3 ball pythons
  8 bats
  A giant gecko (D:3)
  4 giant newts
  8 goblins
  4 rats
55 creatures vanquished.

Notes
Turn   | Place    | Note
--------------------------------------------------------------
     0 | D:1      | xeno23, the High Elf Ice Elementalist, began the quest for the Orb.
     0 | D:1      | Reached XP level 1. HP: 11/11 MP: 4/4
   232 | D:1      | Reached XP level 2. HP: 10/17 MP: 6/6
   262 | D:1      | Learned a level 2 spell: Throw Frost
  1044 | D:2      | Reached XP level 3. HP: 16/21 MP: 8/8
  1738 | D:2      | Reached skill level 1 in Armour
  2029 | D:3      | Reached skill level 1 in Fighting
  2048 | D:3      | Noticed xeno23's ghost (average HEIE)
  2593 | D:3      | Reached XP level 4. HP: 20/28 MP: 12/12
  2680 | D:3      | HP: 1/42 [orc/hand axe (3)]
  2685 | D:3      | Succumbed to an adder's poison

Action                   |  1- 3 |  4- 6 || total
-------------------------+-------+-------++-------
Melee: Unarmed           |    11 |       ||    11
       Short sword       |    77 |       ||    77
       Dagger            |    99 |    12 ||   111
Throw: Stone             |     1 |       ||     1
 Cast: Freeze            |    13 |       ||    13
       Throw Frost       |     1 |       ||     1
  Use: Potion            |       |     1 ||     1
  Eat: Chunk             |     5 |       ||     5
